 Dungeon Crawl Stone Soup version 0.30-a0-852-g08b95dd62f (webtiles) character file.

Game seed: 2757925534046914410

2855 porpoise the Sneak (level 9, -17/59 HPs)
             Began as a Gnoll Enchanter on Mar 5, 2023.
             Was a Believer of Hepliaklqana.
             Demolished by an orc warlord
             ... wielding a +3 broad axe
              (31 damage)
             ... in a bailey.
             The game lasted 00:32:23 (8107 turns).

porpoise the Sneak (Gnoll Enchanter)                Turns: 8107, Time: 00:32:23

Health: -17/59     AC: 12    Str:  8    XL:     9   Next: 75%
Magic:  9/28       EV: 15    Int: 17    God:    Hepliaklqana [**....]
Gold:   201        SH:  0    Dex: 14    Spells: 14/22 levels left

rFire   + . .      SeeInvis .    a - +2 dagger (speed)
rCold   . . .      Faith    .    (no shield)
rNeg    . . .      Spirit   .    J - +0 steam dragon scales
rPois   .          Reflect  .    A - +2 helmet
rElec   .          Rampage  .    d - +2 cloak {Stlth+}
rCorr   .                        (no gloves)
Will    .....                    (no boots)
Stlth   +++++                    (no amulet)
HPRegen 0.29/turn                E - ring of magical power
MPRegen 0.21/turn                H - ring of protection from fire

@: no status effects
A: reduced essence, fangs 1, strong nose, distributed training
a: Renounce Religion, Recall Ancestor, Ancestor Identity


You were in a bailey.
You worshipped Hepliaklqana.
Hepliaklqana was pleased with you.
You visited 1 branch of the dungeon, and saw 7 of its levels.
You also visited: Bailey.

You collected 201 gold pieces.

Inventory:

Hand Weapons
 a - a +2 dagger of speed (weapon)
 e - a +0 broad axe
 o - a +1 dagger
Missiles
 s - 3 poisoned darts
 t - 5 boomerangs (quivered)
 x - a throwing net
 C - 2 boomerangs of dispersal
Armour
 d - a +2 cloak of stealth (worn)
 m - a scarf of repulsion
 u - a +3 leather armour
 A - a +2 helmet (worn)
 J - +0 steam dragon scales (worn)
Jewellery
 r - a ring of see invisible
 E - a ring of magical power (left hand)
 H - a ring of protection from fire (right hand)
Wands
 F - a wand of mindburst (6)
Scrolls
 b - a scroll of torment
 f - a scroll of summoning
 j - 3 scrolls of blinking
 n - a scroll of acquirement {unknown}
 p - 2 scrolls of magic mapping
 q - 2 scrolls of teleportation
 v - a scroll of enchant armour
 w - a scroll of enchant weapon {unknown}
 y - a scroll of poison
 B - a scroll of fog
Potions
 c - 3 potions of invisibility
 g - 2 potions of mutation
 h - a potion of might
 i - a potion of cancellation {unknown}
 k - 2 potions of brilliance
 l - a potion of resistance
 z - 2 potions of ambrosia
 D - a potion of curing
 G - 2 potions of magic
 I - a potion of haste {unknown}


   Skills:
 + Level 4.7 Fighting
 + Level 5.4 Short Blades
 + Level 4.7 Long Blades
 + Level 4.7 Axes
 + Level 4.7 Maces & Flails
 + Level 4.7 Polearms
 + Level 4.7 Staves
 + Level 4.7 Ranged Weapons
 + Level 4.7 Throwing
 + Level 4.7 Armour
 + Level 6.6 Dodging
 + Level 7.7 Stealth
 + Level 4.7 Shields
 + Level 4.7 Unarmed Combat
 + Level 7.0 Spellcasting
 + Level 3.9 Conjurations
 + Level 6.8 Hexes
 + Level 3.9 Summonings
 + Level 3.9 Necromancy
 + Level 3.9 Translocations
 + Level 3.9 Transmutations
 + Level 3.9 Fire Magic
 + Level 3.9 Ice Magic
 + Level 3.9 Air Magic
 + Level 3.9 Earth Magic
 + Level 3.9 Poison Magic
 + Level 5.2 Invocations
 + Level 4.7 Evocations


You had 14 spell levels left.
You knew the following spells:

 Your Spells              Type           Power      Damage    Failure   Level
a - Confusing Touch       Hex            29%        N/A       2%          3
e - Ensorcelled Hibernat  Hex/Ice        48%        N/A       1%          2
t - Tukima's Dance        Hex            29%        N/A       2%          3

Your spell library contained the following spells:

 Spells                   Type           Power      Damage    Failure   Level
 Foxfire                  Conj/Fire      76%        2x1d7     2%          1
 Lesser Beckoning         Tloc           38%        N/A       3%          2
 Dazzling Flash           Conj/Hex       48%        N/A       3%          3
 Frozen Ramparts          Ice            38%        1d6       7%          3
 Gell's Gravitas          Tloc           19%        N/A       7%          3
 Kindle Blastsparks       Fire/Tloc/Air  38%        2d13      7%          3
 Teleport Other           Tloc           19%        N/A       7%          3
 Fulminant Prism          Conj/Hex       12%        3d8       13%         4
 Ice Form                 Ice/Tmut       19%        N/A       22%         4
 Iskenderun's Mystic Bla  Conj/Tloc      19%        2d6       22%         4
 Summon Ice Beast         Ice/Summ       19%        N/A       22%         4
 Fireball                 Conj/Fire      9%         3d6       54%         5
 Lee's Rapid Deconstruct  Erth           9%         3d7*      54%         5
 Starburst                Conj/Fire      9%         6d5       98%         6


Dungeon Overview and Level Annotations

Branches:
Dungeon (7/15)             Temple (0/1) D:5          Bailey (1/1)

Altars:
Cheibriados
Fedhas
Hepliaklqana
Nemelex Xobeh
Xom
Yredelemnul

Shops:
D:2 =   D:6 :

Annotations:
D:6 upstairs to a couple of rust demons, exclusion: upstairs


Innate Abilities, Weirdness & Mutations

Your life essence is reduced to manifest your ancestor. (-10% HP)
You have very sharp teeth.
Your uncanny sense of smell can sniff out nearby items.
Your experience applies equally to all skills.


Message History

You impale the orc warlord!!
The orc warlord is moderately wounded.
Casting: Ensorcelled Hibernation (safe; 1% risk of failure)
Confirm with . or Enter, or press ? or * to list all spells.
Your hands begin to glow red.
The orc warlord completely misses you.
You hit the orc warlord but do no damage.
The orc warlord is moderately wounded.
The orc warlord closely misses you.
You hit the orc warlord but do no damage.
The orc warlord is moderately wounded.
You hit the orc warlord but do no damage.
The orc warlord is moderately wounded.
The orc warlord hits you with a +3 broad axe!!
* * * LOW HITPOINT WARNING * * *
You hit the orc warlord but do no damage.
The orc warlord appears confused.
You punch the orc warlord, but do no damage.
You bite the orc warlord, but do no damage.
The orc warlord is moderately wounded.
You strike the helpless orc warlord from behind!
You impale the orc warlord!!
The orc warlord is heavily wounded.
The orc warlord hits you with a +3 broad axe.
* * * LOW HITPOINT WARNING * * *
The orc warlord hits itself with a +3 broad axe!!
You catch the helpless orc warlord completely off-guard!
You puncture the orc warlord!
The orc warlord is almost dead.
You hit the orc warlord but do no damage.
You bite the orc warlord, but do no damage.
The orc warlord is almost dead.
You hit the orc warlord but do no damage.
The orc warlord is almost dead.
You hit the orc warlord.
The orc warlord is almost dead.
You barely miss the orc warlord.
The orc warlord is almost dead.
The orc warlord hits you with a +3 broad axe!!
Ouch! That really hurt!
You die...

#.......).))#.......))
#...........#.........
###.).......###........
###.#)#.....###.###.....#
###...)[###.###...
###.### ##.........###
.... ∆###.) #..........8#
..... ∆∆#...
#.........)8#...)..
∆∆#.))
#∩...)⌠...R@o......
∆∆#...
#.........)8#......
∆∆#... #..........8#
..... ∆∆#...
##.........### ....
∆###.. ###...).###.###...
###.###
###.#'#.....###.###.....#
###.........###........
#...........#.........
#.....).....#.).......


You could see the friendly Niki the hexer and an orc warlord (confused, ally
target).

Vanquished Creatures
  Grinder (D:6)
  A steam dragon (D:7)
  A water moccasin (D:5)
  11 orc warriors
  An ice beast (D:6)
  A black bear (D:5)
  A gnoll sergeant (D:6)
  3 scorpions
  4 jellies
  2 orc priests (D:3)
  A hound (D:6)
  A sleepcap (D:6)
  4 iguanas
  2 orc wizards (D:6)
  10 gnolls
  7 adders
  A shadow imp (D:6)
  3 white imps
  An ufetubus (D:5)
  4 worms
  A dart slug (D:2)
  22 orcs
  7 endoplasms
  7 giant cockroaches
  13 goblins
  17 hobgoblins
  4 jackals (D:1)
  A quokka (D:2)
  9 ball pythons
  4 bats
  A frilled lizard (D:2)
  2 kobolds
  A rat (D:3)
149 creatures vanquished.

Vanquished Creatures (collateral kills)
  2 orc warriors (Bailey)
  2 iguanas
  An adder (D:6)
  2 gnolls (Bailey)
  5 orcs
  8 goblins
  5 hobgoblins (Bailey)
25 creatures vanquished.

Vanquished Creatures (others)
  A dancing weapon (D:7)
  2 hexers (Bailey)
  A plant (D:2)
  4 withered plants (D:2)
8 creatures vanquished.

Grand Total: 182 creatures vanquished

Notes
Turn   | Place    | Note
-------+----------+-------------------------------------------
     0 | D:1      | porpoise the Gnoll Enchanter began the quest for the Orb.
     0 | D:1      | Reached XP level 1. HP: 13/13 MP: 6/6
   276 | D:1      | Reached XP level 2. HP: 19/19 MP: 7/7
   394 | D:1      | Learned a level 2 spell: Ensorcelled Hibernation
  1028 | D:2      | Reached skill level 5 in Spellcasting
  1028 | D:2      | Reached XP level 3. HP: 25/25 MP: 5/9
  1209 | D:2      | Reached skill level 1 in Invocations
  1210 | D:2      | Found a faded altar of an unknown god.
  1395 | D:2      | Learned a level 3 spell: Confusing Touch
  1399 | D:2      | Learned a level 3 spell: Tukima's Dance
  1411 | D:2      | Reached skill level 1 in Fighting
  1411 | D:2      | Reached skill level 1 in Long Blades
  1411 | D:2      | Reached skill level 1 in Axes
  1411 | D:2      | Reached skill level 1 in Maces & Flails
  1411 | D:2      | Reached skill level 1 in Polearms
  1411 | D:2      | Reached skill level 1 in Staves
  1411 | D:2      | Reached skill level 1 in Ranged Weapons
  1411 | D:2      | Reached skill level 1 in Throwing
  1411 | D:2      | Reached skill level 1 in Armour
  1411 | D:2      | Reached skill level 1 in Shields
  1411 | D:2      | Reached skill level 1 in Unarmed Combat
  1411 | D:2      | Reached skill level 1 in Evocations
  1526 | D:2      | Reached XP level 4. HP: 32/32 MP: 11/11
  1558 | D:2      | Found Mohuaq's Jewellery Emporium.
  2152 | D:3      | Reached skill level 1 in Conjurations
  2152 | D:3      | Reached skill level 1 in Summonings
  2152 | D:3      | Reached skill level 1 in Necromancy
  2152 | D:3      | Reached skill level 1 in Translocations
  2152 | D:3      | Reached skill level 1 in Transmutations
  2152 | D:3      | Reached skill level 1 in Fire Magic
  2152 | D:3      | Reached skill level 1 in Ice Magic
  2152 | D:3      | Reached skill level 1 in Air Magic
  2152 | D:3      | Reached skill level 1 in Earth Magic
  2152 | D:3      | Reached skill level 1 in Poison Magic
  2278 | D:3      | Found a hazy altar of Hepliaklqana.
  2293 | D:3      | Reached XP level 5. HP: 30/37 MP: 9/12
  2389 | D:3      | Became a worshipper of Hepliaklqana the Forgotten
  3107 | D:4      | Reached XP level 6. HP: 33/44 MP: 10/13
  3121 | D:4      | Reached skill level 5 in Dodging
  3498 | D:4      | Reached * piety under Hepliaklqana
  3874 | D:5      | Entered Level 5 of the Dungeon
  3874 | D:5      | Noticed a black bear
  3878 | D:5      | Killed a black bear
  3879 | D:5      | Reached XP level 7. HP: 45/45 MP: 15/15
  4389 | D:5      | Found a sparkling altar of Nemelex Xobeh.
  4389 | D:5      | Found a shimmering altar of Xom.
  4392 | D:5      | Found a snail-covered altar of Cheibriados.
  4392 | D:5      | Found a basalt altar of Yredelemnul.
  4516 | D:5      | Found a staircase to the Ecumenical Temple.
  4890 | D:5      | Reached ** piety under Hepliaklqana
  4891 | D:5      | Remembered your ancestor Niki as a hexer
  5276 | D:6      | Found Cotuetsa's Book Boutique.
  5598 | D:6      | Reached XP level 8. HP: 18/52 MP: 3/16
  5777 | D:6      | Noticed Grinder
  5805 | D:6      | Paralysed by Grinder for 3 turns
  5822 | D:6      | Killed Grinder
  6416 | D:6      | Found a blossoming altar of Fedhas.
  6917 | D:5      | Noticed a rust devil
  6917 | D:5      | Noticed a rust devil
  7292 | D:7      | Found a flagged portal.
  7307 | Bailey   | Entered a bailey
  7335 | Bailey   | Reached XP level 9. HP: 52/58 MP: 18/18
  7389 | Bailey   | Reached skill level 5 in Short Blades
  7675 | Bailey   | Reached skill level 5 in Invocations
  8041 | Bailey   | Noticed an orc warlord
  8107 | Bailey   | Demolished by an orc warlord

Illustrated notes

Levels and vault maps discovered:
D:1:      dpeg_arrival_long_road, layout_loops_ring
D:2:      layout_loops_ring, shapermc_ecumenical_altar_flowoftime, serial_shops,
          nicolae_shop_hallway_stairs, minmay_worlds_worst_comb
D:3:      layout_basic, mainiacjoe_overflow_boulevard, minmay_misc_feat_columns,
          nrook_mini_vaults
D:4:      layout_basic, serial_glass, glass_columns_a, glass_columns_c
D:5:      cheibrodos_iron_armory, layout_basic, mainiacjoe_overflow_alcove_3,
          minmay_temple_entry_drinking_statues, kennysheep_generic_room_15
D:6:      layout_basic, mainiacjoe_overflow_paths, nicolae_stop_n_shop_2,
          uniq_grinder
D:7:      layout_gridville, enter_bailey_3, item_on_display_a
Bailey:   bailey_axe_minmay_hex_keep, bailey

Skill      XL: |  1  2  3  4  5  6  7  8  9 |
---------------+----------------------------+-----
Spellcasting   | 5 6 7 |  7.0
Stealth        | 6 7 |  7.7
Invocations    | 1 2 3 4 5 |  5.2
Fighting       | 1 2 3 4 |  4.7
Long Blades    | 1 2 3 4 |  4.7
Axes           | 1 2 3 4 |  4.7
Maces & Flails | 1 2 3 4 |  4.7
Polearms       | 1 2 3 4 |  4.7
Staves         | 1 2 3 4 |  4.7
Ranged Weapons | 1 2 3 4 |  4.7
Throwing       | 1 2 3 4 |  4.7
Armour         | 1 2 3 4 |  4.7
Shields        | 1 2 3 4 |  4.7
Unarmed Combat | 1 2 3 4 |  4.7
Evocations     | 1 2 3 4 |  4.7
Conjurations   | 1 2 3 |  3.9
Summonings     | 1 2 3 |  3.9
Necromancy     | 1 2 3 |  3.9
Translocations | 1 2 3 |  3.9
Transmutations | 1 2 3 |  3.9
Fire Magic     | 1 2 3 |  3.9
Ice Magic      | 1 2 3 |  3.9
Air Magic      | 1 2 3 |  3.9
Earth Magic    | 1 2 3 |  3.9
Poison Magic   | 1 2 3 |  3.9
Short Blades   | 3 4 5 |  5.4
Dodging        | 5 6 |  6.6
Hexes          | 6 |  6.8

Action                     |  1- 3 |  4- 6 |  7- 9 || total
---------------------------+-------+-------+-------++-------
  Melee: Dagger            |   105 |    97 |   364 ||   566
         Bite              |    13 |    14 |    48 ||    75
         Punch             |     2 |     1 |    11 ||    14
  Throw: Dart              |       |       |     5 ||     5
         Boomerang         |       |       |     3 ||     3
   Cast: Ensorcelled Hiber |    15 |    29 |    45 ||    89
         Confusing Touch   |     1 |     2 |    13 ||    16
         Tukima's Dance    |       |       |     6 ||     6
 Invoke: Recall Ancestor   |       |       |     4 ||     4
         Ancestor Life: He |       |       |     1 ||     1
         Ancestor Identity |       |       |     1 ||     1
  Evoke: Wand              |       |       |     2 ||     2
    Use: Scroll            |       |     1 |    17 ||    18
         Potion            |       |     2 |     2 ||     4
   Stab: Sleeping          |    20 |    34 |    30 ||    84
         Confused          |     1 |     1 |    12 ||    14
         Distracted        |       |       |     1 ||     1
 Armour: Robe              |    30 |    10 |    14 ||    54
         Steam dragon scal |       |       |    24 ||    24
  Dodge: Dodged            |    53 |    25 |   138 ||   216

Table legend: (Time is in decaauts)
 A = Elapsed time spent in this place.
 B = Non-inter-level travel time spent in this place.
 C = Inter-level travel time spent in this place.
 D = Time resting spent in this place.
 E = Time spent auto-exploring this place.
 F = Levels seen in this place.
 G = Mean time per level.
                   A        B        C        D        E       F      G
               +--------+--------+--------+--------+--------+-----+--------+
         Total |   7853 |   7551 |    302 |   2360 |   3491 |   8 |  981.6 |
       Dungeon |   7159 |   6857 |    302 |   2139 |   3314 |   7 | 1022.7 |
        Bailey |    693 |    693 |      0 |    221 |    177 |   1 |  693.0 |
               +--------+--------+--------+--------+--------+-----+--------+

Top non-repeatable levels by time:
     D:6: 1729 daAuts
     D:5: 1470 daAuts
     D:2: 1130 daAuts
     D:4: 921 daAuts
     D:1: 908 daAuts
     D:3: 851 daAuts
  Bailey: 693 daAuts
     D:7: 147 daAuts
